 Dungeon Crawl Stone Soup version 0.26-a0-695-g987792ac36 (webtiles) character file.

Game seed: 11106139246556848315

84 grandjackal the Ducker (level 4, -5/35 HPs)
             Began as a Demonspawn Gladiator on Oct 25, 2020.
             Slain by Grinder (6 damage)
             ... on level 3 of the Dungeon.
             The game lasted 00:01:57 (1987 turns).

grandjackal the Ducker (Demonspawn Gladiator)       Turns: 1987, Time: 00:01:57

Health: -5/35      AC:  7    Str: 15 (16) XL:     4   Next: 24%
Magic:  4/4        EV: 11    Int:  7 (9)  God:
Gold:   130        SH:  0    Dex: 12 (14) Spells: 3/3 levels left

rFire    . . .     SeeInvis .   a - +0 long sword
rCold    . . .     Faith    .   (no shield)
rNeg     . . .     Spirit   .   k - +0 ring mail
rPois    .         Reflect  .   c - +0 helmet
rElec    .         Harm     .   s - +0 cloak
rCorr    .         Rampage  .   (no gloves)
MR       .....                  (no boots)
Stlth    +.........             (no amulet)
HPRegen  0.11/turn              (no ring)
MPRegen  0.09/turn              (no ring)

@: mighty, brilliant, stab
A: claws 1, powered by pain 1
a: no special abilities


You were on level 3 of the Dungeon.
You visited 1 branch of the dungeon, and saw 3 of its levels.

You collected 130 gold pieces.

Inventory:

Hand Weapons
 a - a +0 long sword (weapon)
 f - a +1 hand axe of pain
Missiles
 d - 3 throwing nets (quivered)
Armour
 c - a +0 helmet (worn)
 k - a +0 ring mail (worn)
 s - a +0 cloak (worn)
Jewellery
 h - an uncursed ring of see invisible {unknown}
 p - an uncursed ring of positive energy {unknown}
Scrolls
 b - 3 scrolls of identify {unknown}
 e - 5 scrolls of teleportation {unknown}
 i - a scroll of random uselessness {unknown}
 j - 2 scrolls of magic mapping {unknown}
 l - 2 scrolls of amnesia {unknown}
 n - 2 scrolls of fear {unknown}
 o - 2 scrolls of remove curse {unknown}
Potions
 g - a potion of curing


   Skills:
 + Level 3.0 Fighting
 - Level 3.1 Long Blades
 - Level 1.7 Throwing
 - Level 3.1 Dodging
 * Level 1.7 Unarmed Combat


You had 3 spell levels left.
You didn't know any spells.
Your spell library was empty.

Dungeon Overview and Level Annotations

Branches:
Dungeon (3/15)

Altars:
Nemelex Xobeh

Annotations:
D:3 Grinder


Innate Abilities, Weirdness & Mutations

You have sharp fingernails.
You sometimes gain a little power by taking damage.


Message History

Pain shoots through your body!
You closely miss Grinder.
Grinder is lightly wounded.
Grinder blinks!
Grinder closely misses you.
You hit Grinder.
Grinder is moderately wounded.
Grinder barely misses you.
You riposte.
You closely miss Grinder.
Grinder is moderately wounded.
You slash Grinder!
Grinder is heavily wounded.
Grinder hits you!
* * * LOW HITPOINT WARNING * * *
You focus on the pain.
You feel very mighty all of a sudden.
You writhe in agony.
* * * LOW HITPOINT WARNING * * *
You hit Grinder.
Grinder is heavily wounded.
Grinder hits you.
You die...

#.# #.#
..#####.#
#.# #.###.#
# ##.# #.#
#.....# #.
#..# #.#
#.###.#
##.######.##
#.# ..# #.#
#.......#†#
#.# .## #.#
#.........#
.. .####..
.........)#
....###
.......5..#
###.#
#......@..#
# #
#.........#
#.........#
#.........#
..........#
..........#
..........#
..........#


You could see Grinder.

Vanquished Creatures
  A worker ant (D:3)
  An adder (D:2)
  An ooze (D:1)
  2 worms
  A dart slug (D:2)
  2 leopard geckos
  3 giant cockroaches
  4 hobgoblins
  A quokka (D:3)
  6 bats
  3 frilled lizards
  A giant cockroach zombie (D:3)
  3 goblins
  4 kobolds (D:1)
  9 rats
42 creatures vanquished.

Notes
Turn   | Place    | Note
-------+----------+-------------------------------------------
     0 | D:1      | grandjackal the Demonspawn Gladiator began the quest for
                  | the Orb.
     0 | D:1      | Reached XP level 1. HP: 16/16 MP: 1/1
   139 | D:1      | Gained mutation: You sometimes gain a little power by
                  | taking damage. [demonic ancestry]
   139 | D:1      | Reached XP level 2. HP: 22/22 MP: 2/2
   987 | D:2      | Gained mutation: You have sharp fingernails. [demonic
                  | ancestry]
   987 | D:2      | Reached XP level 3. HP: 13/28 MP: 3/3
  1479 | D:2      | Reached skill level 1 in Unarmed Combat
  1777 | D:3      | Found a sparkling altar of Nemelex Xobeh.
  1915 | D:3      | Found a faded altar of an unknown god.
  1948 | D:3      | Noticed Grinder
  1950 | D:3      | Paralysed by Grinder for 7 turns
  1974 | D:3      | Reached XP level 4. HP: 25/35 MP: 4/4
  1986 | D:3      | HP: 1/35 [Grinder (6)]
  1987 | D:3      | Slain by Grinder

Illustrated notes

Levels and vault maps discovered:
D:1:      minmay_arrival_four_circles, layout_basic
D:2:      layout_basic, serial_forest, infiniplex_forest_end_1,
          infiniplex_forest_straight_1, infiniplex_forest_lined_3,
          infiniplex_forest_clump_small, infiniplex_forest_lined_2,
          infiniplex_forest_end_2, infiniplex_forest_clump_diagonal, tgw_trog
D:3:      layout_rooms, chequers_ecumenical_altar_simple, nemelex_altar_shiori,
          uniq_grinder

Skill      XL: |  1  2  3 |
---------------+----------+-----
Long Blades    | 3 |  3.1
Dodging        | 3 |  3.1
Unarmed Combat | 1 |  1.7
Fighting       | 3 |  3.0
Throwing       | |  1.7

Action                   |  1- 3 |  4- 6 || total
-------------------------+-------+-------++-------
Melee: Long sword        |   104 |     8 ||   112
  Use: Potion            |     5 |       ||     5
Armor: Leather armour    |    10 |       ||    10
       Ring mail         |    44 |     3 ||    47
Dodge: Dodged            |    89 |     2 ||    91
       Rpst.: Long sword |    26 |     1 ||    27

Table legend: (Time is in decaauts)
 A = Elapsed time spent in this place.
 B = Non-inter-level travel time spent in this place.
 C = Inter-level travel time spent in this place.
 D = Time resting spent in this place.
 E = Time spent auto-exploring this place.
 F = Levels seen in this place.
 G = Mean time per level.
                   A        B        C        D        E       F      G
               +--------+--------+--------+--------+--------+-----+--------+
         Total |   2015 |   2005 |     10 |    121 |   1539 |   3 |  671.7 |
       Dungeon |   2015 |   2005 |     10 |    121 |   1539 |   3 |  671.7 |
               +--------+--------+--------+--------+--------+-----+--------+

Top non-repeatable levels by time:
     D:1: 885 daAuts
     D:2: 881 daAuts
     D:3: 247 daAuts
